 Dungeon Sprint DCSS version 0.26-a0-690-gcb57259078 (webtiles) character file.

Game seed: 1031458523430181685

11306 mhtbhm the Fencer (level 11, -8/106 HPs)
             Began as a Barachi Berserker on Oct 24, 2020.
             Was the Champion of Trog.
             Mangled by Sonja
             ... wielding a +3 dagger of distortion
              (9 damage)
             ... in the Dungeon (Sprint IX: "|||||||||||||||||||||||||||||").
             The game lasted 00:04:51 (2015 turns).

mhtbhm the Fencer (Barachi Berserker)               Turns: 2015, Time: 00:04:51

Health: -8/106     AC: 27    Str: 28    XL:     11   Next: 75%
Magic:  11/11      EV: 17    Int:  5    God:    Trog [******]
Gold:   762        SH:  0    Dex: 15    Spells: 10/10 levels left

rFire    . . .     SeeInvis +   a - +3 demon blade "Rummage" {flame, Dex+4 SInv Stlth+}
rCold    . . .     Faith    +   (no shield)
rNeg     . . .     Spirit   .   b - +2 plate armour {rPois}
rPois    +         Reflect  .   m - +0 helmet
rElec    .         Harm     .   v - +0 cloak
rCorr    .         Rampage  .   u - +0 pair of gloves
MR       .....     NoTele   +   x - +2 pair of boots
Stlth    ..........             w - amulet of faith
HPRegen  0.27/turn              n - +3 ring of strength
MPRegen  0.12/turn              o - +2 ring of evasion

@: slow
A: +LOS, swims, dopey 1, poison resistance, slowness 1, strong 1, MP-powered
wands, strong legs 1
a: Hop, Berserk, Trog's Hand, Brothers in Arms, Renounce Religion


You were in the Dungeon.
You worshipped Trog.
Trog was exalted by your worship.
You visited 1 branch You collected 1912 gold pieces.
You spent 1150 gold pieces at shops.

Inventory:

Hand Weapons
 a - the +3 demon blade "Rummage" (weapon) {flame, Dex+4 SInv Stlth+}
   (Trog gifted it to you in the Dungeon)

   It has been specially enchanted to burn those struck by it, causing extra
   injury to most foes and up to half again as much damage against particularly
   susceptible opponents.
   Big, fiery blades are also staple armaments of hydra-hunters.
   It affects your dexterity (+4).
   It lets you see invisible.
   It makes you more stealthy.
Armour
 b - a +2 plate armour of poison resistance (worn)
 m - a +0 helmet (worn)
 u - a +0 pair of gloves (worn)
 v - a +0 cloak (worn)
 x - a +2 pair of boots (worn)
Jewellery
 n - a +3 ring of strength (left hand)
 o - a +2 ring of evasion (right hand)
 w - an amulet of faith (around neck)
Wands
 k - a wand of acid (8)
Scrolls
 h - 3 scrolls of blinking
 j - 3 scrolls of remove curse
 r - 2 scrolls of fear
 s - 4 scrolls of fog
 t - 2 scrolls of enchant armour
Potions
 c - 5 potions of curing
 d - 5 potions of heal wounds
 e - 2 potions of haste
 f - 4 potions of magic
 g - a potion of berserk rage
 i - a potion of invisibility
 p - a potion of stabbing
 q - a potion of mutation


   Skills:
 + Level 16.9 Fighting
 + Level 20.7 Long Blades
 + Level 14.2 Armour
 + Level 11.3 Dodging
 + Level 3.8 Stealth
 + Level 0.8 Evocations


You had 10 spell levels left.
You didn't know any spells.
Your spell library was empty.

Dungeon Overview and Level Annotations

Branches:
Dungeon (1/1)

Altars:
Cheibriados
Dithmenos
Elyvilon
Fedhas
Gozag
Hepliaklqana
Kikubaaqudgha
Makhleb
Nemelex Xobeh
Okawaru
Qazlal
Ru
Sif Muna
Trog
Uskayaw
Vehumet
Wu Jian
Xom
Yredelemnul
Zin
The Shining One
Beogh
Jiyva
Lugonu

Shops:
D ?[(=

Annotations:
D Sonja


Innate Abilities, Weirdness & Mutations

You can be seen from farther away. (+LOS)
You can swim through water.
You cover ground slowly.
You can hop short distances.
You are dopey. (Int -2)
Your system is resistant to poisons. (rPois)
Your muscles are strong. (Str +2)
You expend magic power (3 MP) to strengthen your wands.


Message History

Sonja blinks!
Sonja throws a curare-tipped dart.
The curare-tipped dart closely misses you.
Sonja zaps a wand.
You are blasted!
Sonja zaps a wand.
You are blasted!
Sonja throws a curare-tipped dart.
The curare-tipped dart barely misses you.
Sonja completely misses you. Sonja hits you but does no damage.
Space bends around you. Sonja hits you but does no damage.
Space bends around you.
You completely miss Sonja. Sonja hits you but does no damage. x3
Space bends around you.
You hit Sonja. You burn Sonja.
Sonja is lightly wounded.
Sonja zaps a wand.
You are blasted!
* * * LOW HITPOINT WARNING * * *
You miss Sonja.
Sonja is lightly wounded.
Sonja misses you. Sonja hits you but does no damage.
Space warps horribly around you!
You die...

▓.▓.▓.▓.▓.▓.▓
▓.▓.▓.▓.▓.▓.▓
▓.▓.▓.▓.▓.▓.▓
▓'▓.▓.▓.▓.▓.▓
▓)▓.▓.▓.▓.▓.▓
▓†▓.▓.▓.▓.▓.▓
▓.▓.▓'▓.▓.▓.▓
▓.▓.▓.▓.▓.▓K▓
▓.▓.▓.▓.▓.▓@▓
▓'▓.▓.▓.▓.▓.▓
▓.▓.▓!▓.▓.▓.▓
▓.▓.▓.▓.▓.▓.▓
▓.▓.▓.▓.▓'▓.▓
▓.▓.▓)▓.▓)▓(▓
▓.▓.▓)▓.▓)▓.▓
▓'▓.▓.▓.▓)▓(▓
▓_▓.▓.▓.▓)▓.▓


You could see Sonja.

Vanquished Creatures
  An orc high priest (D)
  5 orc knights (D)
  An orc sorcerer (D)
  An ugly thing (D)
  An elephant (D)
  2 black mambas (D)
  6 cane toads (D)
  Psyche (D)
  2 trolls (D)
  A polar bear (D)
  A snapping turtle (shapeshifter) (D)
  A wyvern (D)
  2 yaks (D)
  A basilisk (D)
  2 water moccasins (D)
  A phantom (D)
  15 orc warriors (D)
  7 black bears (D)
  2 ogres (D)
  3 bullfrogs (D)
  2 orc priests (D)
  A jelly (D)
  An iguana (D)
  A worker ant (D)
  6 orc wizards (D)
  An adder skeleton (D)
  A dart slug (D)
  A leopard gecko (D)
  7 orcs (D)
  A bat (D)
  A bat skeleton (D)
  A frilled lizard (D)
  A goblin (D)
  A jackal skeleton (D)
  A quokka skeleton (D)
  A rat (D)
84 creatures vanquished.

Vanquished Creatures (collateral kills)
  A hydra (D)
  An orc knight (D)
  A centaur (D)
3 creatures vanquished.

Grand Total: 87 creatures vanquished

Notes
Turn   | Place    | Note
-------+----------+-------------------------------------------
     0 | D        | mhtbhm the Barachi Berserker began the quest for the Orb.
     0 | D        | Reached XP level 1. HP: 18/18 MP: 1/1
    11 | D        | Reached skill level 4 in Long Blades
    13 | D        | Reached ** piety under Trog
    84 | D        | Noticed a jelly
    84 | D        | Noticed a phantom
    84 | D        | Noticed a worker ant
    88 | D        | Reached XP level 2. HP: 26/26 MP: 2/2
    94 | D        | Killed a phantom
    94 | D        | Reached *** piety under Trog
    94 | D        | Reached skill level 7 in Long Blades
    94 | D        | Reached XP level 3. HP: 36/36 MP: 3/3
    94 | D        | Reached XP level 4. HP: 43/43 MP: 4/4
    96 | D        | Reached skill level 8 in Long Blades
    96 | D        | Reached XP level 5. HP: 48/48 MP: 5/5
   102 | D        | Reached skill level 9 in Long Blades
   141 | D        | Found a roughly hewn altar of Beogh.
   141 | D        | Found a snail-covered altar of Cheibriados.
   141 | D        | Found a shadowy altar of Dithmenos.
   141 | D        | Found a white marble altar of Elyvilon.
   141 | D        | Found a blossoming altar of Fedhas.
   141 | D        | Found an opulent altar of Gozag.
   141 | D        | Found a hazy altar of Hepliaklqana.
   142 | D        | Found a viscous altar of Jiyva.
   143 | D        | Found an ancient bone altar of Kikubaaqudgha.
   144 | D        | Found a corrupted altar of Lugonu.
   145 | D        | Found a burning altar of Makhleb.
   146 | D        | Found a sparkling altar of Nemelex Xobeh.
   147 | D        | Found an iron altar of Okawaru.
   148 | D        | Found a stormy altar of Qazlal.
   149 | D        | Found a sacrificial altar of Ru.
   150 | D        | Found a shimmering blue altar of Sif Muna.
   151 | D        | Found a bloodstained altar of Trog.
   152 | D        | Found a hide-covered altar of Uskayaw.
   153 | D        | Found a radiant altar of Vehumet.
   154 | D        | Found an ornate altar of the Wu Jian Council.
   155 | D        | Found a shimmering altar of Xom.
   156 | D        | Found a basalt altar of Yredelemnul.
   157 | D        | Found a glowing silver altar of Zin.
   158 | D        | Found a glowing golden altar of the Shining One.
   212 | D        | Noticed an ogre
   212 | D        | Noticed a troll
   212 | D        | Noticed an ogre
   213 | D        | Reached **** piety under Trog
   213 | D        | Reached skill level 5 in Dodging
   217 | D        | Killed an ogre
   217 | D        | Reached skill level 10 in Long Blades
   217 | D        | Reached skill level 5 in Armour
   217 | D        | Reached XP level 6. HP: 58/58 MP: 6/6
   223 | D        | Killed a troll
   223 | D        | Reached skill level 10 in Fighting
   223 | D        | Reached skill level 12 in Long Blades
   223 | D        | Reached XP level 7. HP: 66/66 MP: 7/7
   227 | D        | Reached ***** piety under Trog
   292 | D        | Noticed a troll
   292 | D        | Noticed a purple ugly thing
   292 | D        | Noticed a yaktaur
   292 | D        | Noticed a six-headed hydra
   297 | D        | Killed a troll
   297 | D        | Reached skill level 13 in Long Blades
   303 | D        | Killed a purple ugly thing
   303 | D        | Reached skill level 14 in Long Blades
   303 | D        | Reached XP level 8. HP: 76/76 MP: 8/8
   518 | D        | Noticed a snapping turtle
   535 | D        | Killed a snapping turtle
   543 | D        | Killed a 12-headed hydra
   543 | D        | Reached skill level 15 in Long Blades
   543 | D        | Reached XP level 9. HP: 43/83 MP: 9/9
   822 | D        | Gained mutation: Your muscles are strong. (Str +2) [potion
                  | of mutation]
   822 | D        | Gained mutation: Your system is resistant to poisons.
                  | (rPois) [potion of mutation]
   822 | D        | Gained mutation: You are dopey. (Int -2) [potion of
                  | mutation]
   822 | D        | Gained mutation: You expend magic power (3 MP) to
                  | strengthen your wands. [potion of mutation]
   833 | D        | Noticed a black mamba
   833 | D        | Noticed a cane toad
   833 | D        | Noticed a cane toad
   841 | D        | Killed a black mamba
   841 | D        | Reached skill level 1 in Stealth
   844 | D        | Killed a cane toad
   844 | D        | Reached skill level 16 in Long Blades
   846 | D        | Noticed a cane toad
   848 | D        | Reached skill level 10 in Armour
   850 | D        | Killed a cane toad
   850 | D        | Reached ****** piety under Trog
   852 | D        | Received a gift from Trog
   863 | D        | Killed a cane toad
   863 | D        | Reached skill level 17 in Long Blades
   863 | D        | Reached XP level 10. HP: 92/92 MP: 10/10
   939 | D        | Noticed a cane toad
   939 | D        | Noticed a cane toad
   939 | D        | Noticed a cane toad
   939 | D        | Noticed a black mamba
   939 | D        | Noticed an elephant
   941 | D        | Killed a cane toad
   949 | D        | Killed a cane toad
   955 | D        | Killed a cane toad
   955 | D        | Reached skill level 10 in Dodging
   956 | D        | Killed a black mamba
   956 | D        | Reached skill level 18 in Long Blades
   966 | D        | Killed an elephant
   966 | D        | Received a gift from Trog
   979 | D        | Got a scorched demon blade {god gift}
   980 | D        | Identified the +3 demon blade "Rummage" {flame, Dex+4 SInv
                  | Stlth+} (Trog gifted it to you in the Dungeon)
  1062 | D        | Reached skill level 15 in Fighting
  1063 | D        | Received a gift from Trog
  1136 | D        | Noticed Psyche
  1142 | D        | Killed Psyche
  1142 | D        | Reached XP level 11. HP: 94/102 MP: 11/11
  1192 | D        | Noticed an orc high priest
  1196 | D        | Noticed a sixfirhy
  1198 | D        | Killed an orc high priest
  1198 | D        | Reached skill level 19 in Long Blades
  1211 | D        | Received a gift from Trog
  1226 | D        | Received a gift from Trog
  1328 | D        | Noticed an orc sorcerer
  1333 | D        | Noticed a sun demon
  1342 | D        | Killed an orc sorcerer
  1346 | D        | Received a gift from Trog
  1371 | D        | Received a gift from Trog
  1496 | D        | Found Xukan's Magic Scroll Emporium.
  1496 | D        | Noticed an orc knight
  1496 | D        | Noticed an orc knight
  1496 | D        | Noticed an orc knight
  1497 | D        | Found Kosser's Armour Shoppe.
  1497 | D        | Noticed an orc knight
  1503 | D        | Killed an orc knight
  1506 | D        | Killed an orc knight
  1506 | D        | Reached skill level 20 in Long Blades
  1510 | D        | Killed an orc knight
  1512 | D        | Found Tiedd's Antique Weapon Emporium.
  1512 | D        | Noticed an orc knight
  1516 | D        | Noticed an orc knight
  1525 | D        | Killed an orc knight
  1528 | D        | Killed an orc knight
  1528 | D        | Received a gift from Trog
  1536 | D        | Killed an orc knight
  1566 | D        | Found Fysecset's Jewellery Shoppe.
  1839 | D        | Bought a scroll of fog for 28 gold pieces
  1849 | D        | Bought an uncursed amulet of faith for 480 gold pieces
  1862 | D        | Bought a +2 pair of boots for 198 gold pieces
  1868 | D        | Bought a +2 plate armour of poison resistance for 444 gold
                  | pieces
  2004 | D        | Noticed Sonja
  2014 | D        | HP: 1/106 [disintegration (31)]
  2015 | D        | Mangled by Sonja

Illustrated notes

Levels and vault maps discovered:
D:        linesprint [early_d, line_temple, items_1, d_10, items_2, lair_1,
          lair_end, items_3, orc_1, orc_end, items_4, d_15, swamp_1, shoals_1,
          snake_1, spider_1, d_20, vaults_1, items_5, swamp_end, shoals_end,
          snake_end, spider_end, vaults_end, d_27, items_6, zot_1, zot_end,
          crypt_end, forest_end, elf_end, slime_end, tomb_end, abyss_end,
          pan_hell_end]

Skill      XL: |  1  2  3  4  5  6  7  8  9 10 11 |
---------------+----------------------------------+-----
Fighting       | 4 7 9 10 11 12 13 15 16 | 16.9
Long Blades    | 4 7 8 10 12 14 15 17 18 20 | 20.7
Armour         | 3 4 5 6 7 8 10 12 14 | 14.2
Dodging        | 4 5 6 8 9 10 11 | 11.3
Stealth        | 2 3 |  3.8
Evocations     | |  0.8

Action                   |  1- 3 |  4- 6 |  7- 9 | 10-12 || total
-------------------------+-------+-------+-------+-------++-------
Melee: Falchion          |    24 |    11 |       |       ||    35
       Scimitar          |       |     9 |    67 |       ||    76
       Great sword       |       |       |       |    29 ||    29
       Demon blade       |       |       |       |   126 ||   126
Invok: Berserk           |     1 |     1 |     2 |     4 ||     8
       Brothers in Arms  |       |       |     1 |     1 ||     2
 Abil: Hop               |       |       |       |     1 ||     1
Evoke: Wand              |       |       |       |     2 ||     2
  Use: Scroll            |       |       |     1 |       ||     1
       Potion            |       |       |     1 |       ||     1
Armor: Animal skin       |     8 |     1 |       |       ||     9
       Scale mail        |       |     2 |     8 |    34 ||    44
       Plate armour      |       |       |       |     5 ||     5
Dodge: Dodged            |    21 |     8 |    51 |    92 ||   172
       Rpst.: Falchion   |     5 |       |       |       ||     5
       Scimitar          |       |     1 |     8 |       ||     9
       Demon blade       |       |       |       |    16 ||    16
       Great sword       |       |       |       |     4 ||     4

Table legend: (Time is in decaauts)
 A = Elapsed time spent in this place.
 B = Non-inter-level travel time spent in this place.
 C = Inter-level travel time spent in this place.
 D = Time resting spent in this place.
 E = Time spent auto-exploring this place.
 F = Levels seen in this place.
 G = Mean time per level.
                   A        B        C        D        E       F      G
               +--------+--------+--------+--------+--------+-----+--------+
         Total |   2103 |   2103 |      0 |   1048 |    277 |   1 | 2103.0 |
       Dungeon |   2103 |   2103 |      0 |   1048 |    277 |   1 | 2103.0 |
               +--------+--------+--------+--------+--------+-----+--------+

Top non-repeatable levels by time:
       D: 2103 daAuts
